| TOP OF THE 1ST |
|
Mobile BayBears batting - Pitching for Harrisburg Senators : LHP Manny Ruiz
|
|
Pitching: LHP Manny Ruiz
|
|
|
Batting: RHB Carlos Ballesteros
|
0-0: Called Strike 0-1: Foul Ball, location: 2F 0-2: Strikes out looking
|
|
Batting: LHB Soo-yeon Kym
|
0-0: Ball 1-0: Ball 2-0: Foul Ball, location: 2F 2-1: Foul Ball, location: 2F 2-2: Foul Ball, location: 2F 2-2: Foul Ball, location: 2F 2-2: Ball 3-2: Strikes out swinging
|
|
Batting: RHB Blake Beale
|
0-0: Ball 1-0: Ball 2-0: Called Strike 2-1: Ball 3-1: Base on Balls
|
|
Batting: RHB Josh Burrows
|
0-0: Called Strike 0-1: DOUBLE (Line Drive, 9LM, EV 111.9 MPH) Blake Beale to third
|
|
Batting: LHB Koson Hirai
|
0-0: Ball 1-0: 3-RUN HOME RUN (Flyball, 9LD, EV 96.9 MPH), Distance : 351 ft
|
|
Batting: RHB Will Washburn
|
0-0: Fly out, F8 (Flyball, 89M, EV 81.2 MPH)
|
| Top of the 1st over - 3 runs, 2 hits, 0 errors, 0 left on base; Mobile 3 - Harrisburg 0 |
| BOTTOM OF THE 1ST |
|
Harrisburg Senators batting - Pitching for Mobile BayBears : RHP Sipi Mäkitie
|
|
Pitching: RHP Sipi Mäkitie
|
|
|
Batting: RHB Pat Drader
|
0-0: Called Strike 0-1: Ball 1-1: Ball 2-1: Ground out 6-3 (Groundball, 6, EV 87.5 MPH)
|
|
Batting: RHB Antonio Laurel
|
0-0: Ball 1-0: Ball 2-0: Called Strike 2-1: Foul Ball, location: 2F 2-2: Foul Ball, location: 2F 2-2: Strikes out swinging
|
|
Batting: RHB Kevin Wick
|
0-0: Ball 1-0: Ball 2-0: Ball 3-0: Called Strike 3-1: Called Strike 3-2: Fly out, F9 (Flyball, 89M, EV 87.5 MPH)
|
| Bottom of the 1st over - 0 runs, 0 hits, 0 errors, 0 left on base; Mobile 3 - Harrisburg 0 |
| TOP OF THE 2ND |
|
Mobile BayBears batting - Pitching for Harrisburg Senators : LHP Manny Ruiz
|
|
Batting: RHB Curt Barrett
|
0-0: Foul Ball, location: 2F 0-1: Swinging Strike 0-2: Ball 1-2: Ball 2-2: Strikes out looking
|
|
Batting: RHB Franklin Villanueva
|
0-0: Foul Ball, location: 2F 0-1: Ball 1-1: Ground out 5-3 (Groundball, 56, EV 103.1 MPH)
|
|
Batting: LHB T.J. Duvall
|
0-0: Called Strike 0-1: Swinging Strike 0-2: Foul Ball, location: 2F 0-2: Foul Ball, location: 2F 0-2: Ball 1-2: Ball 2-2: Foul Ball, location: 2F 2-2: Ground out U3 (Groundball, 3, EV 78.1 MPH)
|
| Top of the 2nd over - 0 runs, 0 hits, 0 errors, 0 left on base; Mobile 3 - Harrisburg 0 |
| BOTTOM OF THE 2ND |
|
Harrisburg Senators batting - Pitching for Mobile BayBears : RHP Sipi Mäkitie
|
|
Batting: LHB Pat Aviles
|
0-0: Ball 1-0: Ball 2-0: Called Strike 2-1: Called Strike 2-2: Ball 3-2: SINGLE (Groundball, 4MD, EV 103.8 MPH)
|
|
Batting: RHB Paul Shell
|
0-0: Called Strike 0-1: Called Strike 0-2: Ball 1-2: Grounds into double play, 6-4-3 (Groundball, 6S, EV 83.8 MPH)
|
|
Batting: RHB Slavik Nebrodov
|
0-0: Called Strike 0-1: Ball 1-1: Ball 2-1: Ball 3-1: SINGLE (Flyball, 34D, EV 93.1 MPH)
|
|
Batting: RHB Antonio Morado
|
0-0: Ball 1-0: Foul Ball, location: 2F 1-1: Fly out, F7 (Flyball, 7, EV 85.0 MPH)
|
| Bottom of the 2nd over - 0 runs, 2 hits, 0 errors, 1 left on base; Mobile 3 - Harrisburg 0 |
| TOP OF THE 3RD |
|
Mobile BayBears batting - Pitching for Harrisburg Senators : LHP Manny Ruiz
|
|
Batting: RHB Carlos Ballesteros
|
0-0: Ball 1-0: Ground out 5-3 (Groundball, 56S, EV 61.9 MPH)
|
|
Batting: LHB Soo-yeon Kym
|
0-0: Ball 1-0: Fly out, F7 (Flyball, 7, EV 86.9 MPH)
|
|
Batting: RHB Blake Beale
|
0-0: Called Strike 0-1: Called Strike 0-2: Foul Ball, location: 2F 0-2: Fly out, F8 (Flyball, 8RM, EV 90.6 MPH)
|
| Top of the 3rd over - 0 runs, 0 hits, 0 errors, 0 left on base; Mobile 3 - Harrisburg 0 |
| BOTTOM OF THE 3RD |
|
Harrisburg Senators batting - Pitching for Mobile BayBears : RHP Sipi Mäkitie
|
|
Batting: RHB John McNeill
|
0-0: DOUBLE (Line Drive, 7LS, EV 111.2 MPH)
|
|
Batting: RHB Seth Rutz
|
0-0: Called Strike 0-1: Swinging Strike 0-2: SINGLE (Flyball, 78S, EV 95.6 MPH) John McNeill to third
|
|
Batting: RHB Pat Drader
|
0-0: Grounds into double play, 5-4-3 (Groundball, 56S, EV 89.4 MPH) John McNeill scores
|
|
Batting: RHB Antonio Laurel
|
0-0: Called Strike 0-1: Swinging Strike 0-2: Ball 1-2: Ball 2-2: Ball 3-2: Fly out, F8 (Flyball, 8LM, EV 83.1 MPH)
|
| Bottom of the 3rd over - 1 run, 2 hits, 0 errors, 0 left on base; Mobile 3 - Harrisburg 1 |
| TOP OF THE 4TH |
|
Mobile BayBears batting - Pitching for Harrisburg Senators : LHP Manny Ruiz
|
|
Batting: RHB Josh Burrows
|
0-0: Called Strike 0-1: Ball 1-1: Fly out, F7 (Flyball, 7D, EV 83.1 MPH)
|
|
Batting: LHB Koson Hirai
|
0-0: Ball 1-0: Ball 2-0: Called Strike 2-1: Ground out 5-3 (Groundball, 5, EV 88.8 MPH)
|
|
Batting: RHB Will Washburn
|
0-0: Fly out, F8 (Flyball, 8RD, EV 102.5 MPH)
|
| Top of the 4th over - 0 runs, 0 hits, 0 errors, 0 left on base; Mobile 3 - Harrisburg 1 |
| BOTTOM OF THE 4TH |
|
Harrisburg Senators batting - Pitching for Mobile BayBears : RHP Sipi Mäkitie
|
|
Batting: RHB Kevin Wick
|
0-0: Ball 1-0: Swinging Strike 1-1: Called Strike 1-2: Ball 2-2: Foul Ball, location: 2F 2-2: Ground out 4-3 (Groundball, 34, EV 89.4 MPH)
|
|
Batting: LHB Pat Aviles
|
0-0: Ground out U3 (Groundball, 34, EV 86.9 MPH)
|
|
Batting: RHB Paul Shell
|
0-0: Ball 1-0: Foul Ball, location: 2F 1-1: Foul Ball, location: 2F 1-2: Ball 2-2: Ground out 6-3 (Groundball, 56, EV 86.9 MPH)
|
| Bottom of the 4th over - 0 runs, 0 hits, 0 errors, 0 left on base; Mobile 3 - Harrisburg 1 |
| TOP OF THE 5TH |
|
Mobile BayBears batting - Pitching for Harrisburg Senators : LHP Manny Ruiz
|
|
Batting: RHB Curt Barrett
|
0-0: Foul Ball, location: 2F 0-1: Swinging Strike 0-2: Ball 1-2: Strikes out looking
|
|
Batting: RHB Franklin Villanueva
|
0-0: Ball 1-0: Called Strike 1-1: Swinging Strike 1-2: Ball 2-2: Fly out, F3 (Line Drive, 34D, EV 66.2 MPH)
|
|
Batting: LHB T.J. Duvall
|
0-0: Ball 1-0: Ball 2-0: Foul Ball, location: 2F 2-1: Foul Ball, location: 2F 2-2: Foul Ball, location: 2F 2-2: Strikes out swinging
|
| Top of the 5th over - 0 runs, 0 hits, 0 errors, 0 left on base; Mobile 3 - Harrisburg 1 |
| BOTTOM OF THE 5TH |
|
Harrisburg Senators batting - Pitching for Mobile BayBears : RHP Sipi Mäkitie
|
|
Batting: RHB Slavik Nebrodov
|
0-0: Ball 1-0: Called Strike 1-1: Ball 2-1: Ball 3-1: Swinging Strike 3-2: Strikes out swinging
|
|
Batting: RHB Antonio Morado
|
0-0: Foul Ball, location: 2F 0-1: Fly out, F8 (Flyball, 8LD, EV 76.2 MPH)
|
|
Batting: RHB John McNeill
|
0-0: Called Strike 0-1: Ball 1-1: TRIPLE (Line Drive, 89XD, EV 106.9 MPH)
|
|
Batting: RHB Seth Rutz
|
0-0: Ball 1-0: Called Strike 1-1: Fly out, F9 (Flyball, 9LS, EV 83.1 MPH)
|
| Bottom of the 5th over - 0 runs, 1 hit, 0 errors, 1 left on base; Mobile 3 - Harrisburg 1 |
| TOP OF THE 6TH |
|
Mobile BayBears batting - Pitching for Harrisburg Senators : LHP Manny Ruiz
|
|
Batting: RHB Carlos Ballesteros
|
0-0: Ball 1-0: Called Strike 1-1: Ground out 6-3 (Groundball, 6, EV 80.0 MPH)
|
|
Batting: LHB Soo-yeon Kym
|
0-0: Called Strike 0-1: Ground out 4-3 (Groundball, 34, EV 97.5 MPH)
|
|
Batting: RHB Blake Beale
|
0-0: Called Strike 0-1: Ball 1-1: Ball 2-1: Ball 3-1: Foul Ball, location: 2F 3-2: Base on Balls
|
|
Batting: RHB Josh Burrows
|
0-0: Foul Ball, location: 2F 0-1: Ball 1-1: Ball 2-1: Ball 3-1: Swinging Strike 3-2: Strikes out looking
|
| Top of the 6th over - 0 runs, 0 hits, 0 errors, 1 left on base; Mobile 3 - Harrisburg 1 |
| BOTTOM OF THE 6TH |
|
Harrisburg Senators batting - Pitching for Mobile BayBears : RHP Sipi Mäkitie
|
|
Batting: RHB Pat Drader
|
0-0: Foul Ball, location: 2F 0-1: Fly out, F6 (Popup, 6MS, EV 81.2 MPH)
|
|
Batting: RHB Antonio Laurel
|
0-0: Ball 1-0: Ball 2-0: Ball 3-0: Called Strike 3-1: Called Strike 3-2: SOLO HOME RUN (Flyball, 78XD, EV 98.1 MPH), Distance : 409 ft
|
|
Batting: RHB Kevin Wick
|
0-0: Swinging Strike 0-1: Ball 1-1: Foul Ball, location: 2F 1-2: Strikes out swinging
|
|
Batting: LHB Pat Aviles
|
0-0: Ball 1-0: Ball 2-0: Swinging Strike 2-1: Foul Ball, location: 2F 2-2: Foul Ball, location: 2F 2-2: Foul Ball, location: 2F 2-2: Strikes out swinging
|
| Bottom of the 6th over - 1 run, 1 hit, 0 errors, 0 left on base; Mobile 3 - Harrisburg 2 |
| TOP OF THE 7TH |
|
Mobile BayBears batting - Pitching for Harrisburg Senators : LHP Manny Ruiz
|
|
Batting: LHB Koson Hirai
|
0-0: Foul Ball, location: 2F 0-1: Ball 1-1: Ball 2-1: Called Strike 2-2: Foul Ball, location: 2F 2-2: Ground out U3 (Groundball, 3, EV 93.8 MPH)
|
|
Batting: RHB Will Washburn
|
0-0: Foul Ball, location: 2F 0-1: Ball 1-1: Foul Ball, location: 2F 1-2: Strikes out swinging
|
|
Batting: RHB Curt Barrett
|
0-0: Ground out U3 (Groundball, 3L, EV 108.8 MPH)
|
| Top of the 7th over - 0 runs, 0 hits, 0 errors, 0 left on base; Mobile 3 - Harrisburg 2 |
| BOTTOM OF THE 7TH |
|
Harrisburg Senators batting - Pitching for Mobile BayBears : RHP Sipi Mäkitie
|
|
Batting: RHB Paul Shell
|
0-0: Ball 1-0: Fly out, F8 (Line Drive, 8RM, EV 91.9 MPH)
|
|
Batting: RHB Slavik Nebrodov
|
0-0: Ball 1-0: Ground out 5-3 (Groundball, 56, EV 107.5 MPH)
|
|
Batting: RHB Antonio Morado
|
0-0: Ball 1-0: Called Strike 1-1: Ball 2-1: Fly out, F8 (Flyball, 8RXD, EV 105.0 MPH)
|
| Bottom of the 7th over - 0 runs, 0 hits, 0 errors, 0 left on base; Mobile 3 - Harrisburg 2 |
| TOP OF THE 8TH |
|
Mobile BayBears batting - Pitching for Harrisburg Senators : LHP Manny Ruiz
|
|
Pitching: RHP Todd Carbaugh
|
|
|
Batting: RHB Franklin Villanueva
|
0-0: Ball 1-0: Called Strike 1-1: Ball 2-1: Swinging Strike 2-2: Fly out, F8 (Flyball, 8RXD, EV 86.9 MPH)
|
|
Pitching: LHP Kyle Bachman
|
|
|
Batting: LHB T.J. Duvall
|
0-0: Ball 1-0: Ball 2-0: Swinging Strike 2-1: Ball 3-1: SINGLE (Groundball, 13S, EV 71.2 MPH) (infield hit)
|
|
Batting: RHB Carlos Ballesteros
|
0-0: Swinging Strike 0-1: Swinging Strike 0-2: Strikes out looking
|
|
Batting: LHB Soo-yeon Kym
|
0-0: Ball 1-0: Called Strike 1-1: Ground out U3 (Groundball, 3, EV 88.1 MPH)
|
| Top of the 8th over - 0 runs, 1 hit, 0 errors, 1 left on base; Mobile 3 - Harrisburg 2 |
| BOTTOM OF THE 8TH |
|
Harrisburg Senators batting - Pitching for Mobile BayBears : RHP Sipi Mäkitie
|
|
Pitching: RHP Rick Foster
|
|
|
Batting: RHB John McNeill
|
0-0: Ground out 4-3 (Groundball, 4MD, EV 100.6 MPH)
|
|
Batting: RHB Seth Rutz
|
0-0: Ball 1-0: Ball 2-0: Ball 3-0: Base on Balls
|
|
Batting: RHB Pat Drader
|
0-0: Called Strike 0-1: Ball 1-1: Ball 2-1: Ball 3-1: Base on Balls Seth Rutz to second
|
|
Batting: RHB Antonio Laurel
|
0-0: Ball 1-0: Ground out 5-3 (Groundball, 5, EV 84.4 MPH) Seth Rutz to third Pat Drader to second
|
|
Batting: RHB Kevin Wick
|
0-0: Ball 1-0: Ball 2-0: Ball 3-0: Fly out, F1 (Line Drive, P, EV 61.9 MPH)
|
| Bottom of the 8th over - 0 runs, 0 hits, 0 errors, 2 left on base; Mobile 3 - Harrisburg 2 |
| TOP OF THE 9TH |
|
Mobile BayBears batting - Pitching for Harrisburg Senators : LHP Kyle Bachman
|
|
Batting: RHB Blake Beale
|
0-0: SINGLE (Line Drive, 9S, EV 113.1 MPH)
|
|
Batting: RHB Josh Burrows
|
0-0: Called Strike 0-1: Called Strike 0-2: Ball 1-2: Strikes out looking
|
|
Batting: LHB Koson Hirai
|
0-0: Called Strike 0-1: Ball 1-1: Ball 2-1: Fielders Choice at 2nd, 3-6 (Groundball, 23, EV 86.2 MPH)
|
|
Batting: RHB Will Washburn
|
0-0: Ground out 4-3 (Groundball, 4, EV 105.0 MPH)
|
| Top of the 9th over - 0 runs, 1 hit, 0 errors, 1 left on base; Mobile 3 - Harrisburg 2 |
| BOTTOM OF THE 9TH |
|
Harrisburg Senators batting - Pitching for Mobile BayBears : RHP Rick Foster
|
|
Pitching: RHP Edwin Martinez
|
|
|
Now in RF: Paul Schreiber
|
|
|
Batting: LHB Pat Aviles
|
0-0: Ball 1-0: Fly out, F5 (Line Drive, 6, EV 70.6 MPH)
|
|
Batting: RHB Paul Shell
|
0-0: Called Strike 0-1: Ball 1-1: SINGLE (Line Drive, 78S, EV 104.4 MPH)
|
|
Batting: RHB Slavik Nebrodov
|
0-0: Called Strike 0-1: Fielders Choice at 2nd, 6-4 (Groundball, 56S, EV 90.0 MPH)
|
|
Batting: RHB Antonio Morado
|
0-0: Called Strike 0-1: Ball 1-1: Foul Ball, location: 2F 1-2: Ball 2-2: Ball 3-2: Fly out, F8 (Line Drive, 89D, EV 102.5 MPH)
|
| Bottom of the 9th over - 0 runs, 1 hit, 0 errors, 1 left on base; Mobile 3 - Harrisburg 2 |
|